 Dungeon Crawl Stone Soup version 0.30.0-11-gf55b779eaf (webtiles) character file.

Game seed: 14923290507295109920

34 jurchenman the Firebug (level 3, -21/19 HPs)
             Began as a Deep Elf Fire Elementalist on May 16, 2023.
             Engulfed by a cloud of flame (27 damage)
             ... on level 2 of the Dungeon.
             The game lasted 00:04:18 (1378 turns).

jurchenman the Firebug (Deep Elf Fire Elementalist) Turns: 1378, Time: 00:04:19

Health: -21/19     AC:  3    Str:  5    XL:     3   Next: 14%
Magic:  10/10      EV: 12    Int: 21    God:
Gold:   104        SH:  0    Dex: 15    Spells: 6/9 levels left

rFire   . . .        e - +2 short sword (elec)
rCold   . . .        (no shield)
rNeg    . . .        a - +0 robe
rPois   .            j - +0 helmet
rElec   .            (no cloak)
rCorr   .            (no gloves)
SInv    .            (no boots)
Will    .....        (no amulet)
Stlth   ++           (no ring)
HPRegen 0.23/turn    (no ring)
MPRegen 0.12/turn

%: no passive effects
@: no status effects
A: no striking features
a: no special abilities


You were on level 2 of the Dungeon.
You visited 1 branch of the dungeon, and saw 2 of its levels.

You collected 104 gold pieces.

Inventory:

Hand Weapons
 e - a +2 short sword of electrocution (weapon)
 g - a +0 dagger
Missiles
 d - 29 stones
Armour
 a - a +0 robe (worn)
 j - a +0 helmet (worn)
Scrolls
 c - a scroll of immolation {unknown}
Potions
 b - a potion of magic
 h - 3 potions of might
 i - a potion of lignification {unknown}


   Skills:
 - Level 2.4 Dodging
 - Level 2.4 Stealth
 + Level 3.8 Spellcasting
 + Level 2.1 Conjurations
 + Level 3.8 Fire Magic


You had 6 spell levels left.
You knew the following spells:

 Your Spells              Type           Power      Damage    Failure   Level
a - Foxfire               Conj/Fire      64%        2x1d7     3%          1
b - Scorch                Fire           40%        2d6       3%          2

Your spell library contained the following spells:

 Spells                   Type           Power      Damage    Failure   Level
 Inner Flame              Hex/Fire       12%        N/A       17%         3
 Volatile Blastmotes      Fire/Tloc      24%        2d12      17%         3
 Flame Wave               Conj/Fire      16%        2d7       34%         4
 Chain Lightning          Conj/Air       4%         3d5       100%        9
 Fire Storm               Conj/Fire      8%         8d2       100%        9
 Shatter                  Erth           2%         3d6*      100%        9


Dungeon Overview and Level Annotations

Branches:
Dungeon (2/15)

Altars:


Message History

The worm is severely wounded.
Casting: Scorch (safe; 4% risk of failure)
Confirm with . or Enter, or press ? or * to list all spells.
You conjure some foxfire!
The foxfire hits the worm.
The worm is burned terribly!
The worm is almost dead.
Casting: Foxfire (safe; 3% risk of failure)
Confirm with . or Enter, or press ? or * to list all spells.
You conjure some foxfire!
Unknown command.
Casting: Foxfire (safe; 3% risk of failure)
Confirm with . or Enter, or press ? or * to list all spells.
There is not enough space to conjure foxfire!
You hit the worm.
The worm is almost dead.
The worm is no longer more vulnerable to fire.
The foxfire hits the worm but does no damage.
The worm is almost dead.
The foxfire hits the worm.
You kill the worm!
You start resting.
Magic restored.
A frilled lizard comes into view.
The frilled lizard barely misses you.
You barely miss the frilled lizard. The frilled lizard misses you.
You hit the frilled lizard.
You kill the frilled lizard!
You see here a frilled lizard corpse.
d - 29 stones (gained 1)
A quokka comes into view.
The helpless quokka fails to defend itself.
You hit the quokka. Lightning courses through the quokka!!
You kill the quokka!
You now have 104 gold pieces (gained 12).
You're in a travel-excluded area, stopping explore.
You are engulfed in blazing flames.
Ouch! That really hurt!
You are engulfed in blazing flames.
Ouch! That really hurt!
You die...

#..§# #.#...####
##...#####.#...####
§...$.§§§..........
.$...§☼°........<.
.$.$..☼○....######
#...#####.### #§☼☼#
#. #§☼.# ## #@§§#
#...### ##.##.#
#....# ####.#
#.##### #.....#
#####.####
#.......#


There were no monsters in sight!

Vanquished Creatures
  A worm (D:2)
  5 ball pythons (D:1)
  4 endoplasms
  A giant cockroach (D:2)
  2 goblins
  A hobgoblin (D:1)
  4 jackals (D:1)
  A quokka (D:2)
  3 bats
  2 frilled lizards
  2 kobolds (D:2)
  A rat (D:1)
27 creatures vanquished.

Vanquished Creatures (others)
  54 foxfires
54 creatures vanquished.

Grand Total: 81 creatures vanquished

Notes
Turn   | Place    | Note
-------+----------+-------------------------------------------
     0 | D:1      | jurchenman the Deep Elf Fire Elementalist began the quest
                  | for the Orb.
     0 | D:1      | Reached XP level 1. HP: 10/10 MP: 6/6
   162 | D:1      | Reached XP level 2. HP: 15/15 MP: 6/8
   200 | D:1      | Learned a level 2 spell: Scorch
   589 | D:1      | Found a faded altar of an unknown god.
  1157 | D:2      | Reached XP level 3. HP: 19/19 MP: 7/10
  1378 | D:2      | Engulfed by a cloud of flame

Illustrated notes

Levels and vault maps discovered:
D:1:      zelgadis_glass_arrival_small, layout_basic,
          chequers_ecumenical_altar_simple_redux, amcnicky_mini_pool_small
D:2:      layout_loops_cross, lemuel_flame_loot_1, uniq_robin

Skill      XL: |  1  2 |
---------------+-------+-----
Conjurations   | 2 |  2.1
Dodging        | |  2.4
Stealth        | |  2.4
Spellcasting   | |  3.8
Fire Magic     | |  3.8

Action                     || total
---------------------------++-------
  Melee: Dagger            ||    10
         Short sword       ||     4
   Cast: Foxfire           ||    32
         Scorch            ||     2
    Use: Scroll            ||     3
   Stab: Sleeping          ||     3
 Armour: Robe              ||     2
  Dodge: Dodged            ||    11
